 Dungeon Crawl Stone Soup version 0.26-a0-1205-g4083c211ab (webtiles) character file.

Game seed: 6709516503306778161

86 jestyr24 the Chiller (level 4, -1/34 HPs)
             Began as a Draconian Ice Elementalist on Dec 29, 2020.
             Slain by a phantom (5 damage)
             ... on level 2 of the Dungeon.
             The game lasted 00:08:49 (2006 turns).

jestyr24 the Chiller (Draconian Ice Elementalist)   Turns: 2006, Time: 00:08:51

Health: -1/34      AC:  5    Str: 11    XL:     4   Next: 27%
Magic:  2/7        EV: 12    Int: 16    God:
Gold:   31         SH:  4    Dex: 11    Spells: 3/7 levels left

rFire    . . .     SeeInvis .   i - +0 falchion
rCold    . . .     Faith    .   g - +0 buckler
rNeg     . . .     Spirit   .   (armour unavailable)
rPois    +         Reflect  .   (helmet restricted)
rElec    .         Harm     .   (no cloak)
rCorr    .         Rampage  .   (no gloves)
Will     .....                  (no boots)
Stlth    ++........             (no amulet)
HPRegen  0.11/turn              f - ring of poison resistance
MPRegen  0.10/turn              (no ring)

@: no status effects
A: unfitting armour, cold-blooded, AC +5
a: no special abilities


You were on level 2 of the Dungeon.
You visited 1 branch of the dungeon, and saw 2 of its levels.

You collected 31 gold pieces.

Inventory:

Hand Weapons
 i - a +0 falchion (weapon)
Missiles
 a - 33 stones (quivered)
Armour
 g - a +0 buckler (worn)
Jewellery
 f - a ring of poison resistance (left hand)
Wands
 l - a wand of random effects (11)
Scrolls
 b - a scroll of remove curse {unknown}
 e - 3 scrolls of identify {unknown}
 j - a scroll of fear {unknown}
 k - a scroll of teleportation {unknown}
Potions
 c - a potion of berserk rage {unknown}
 d - a potion of might {unknown}
 h - 2 potions of curing {unknown}


   Skills:
 - Level 0.6 Fighting
 - Level 1.8 Dodging
 - Level 1.9 Stealth
 + Level 2.7 Shields
 - Level 2.1 Spellcasting
 - Level 4.6 Ice Magic


You had 3 spell levels left.
You knew the following spells:

 Your Spells              Type           Power        Failure   Level
a - Freeze                Ice            64%          3%          1
b - Frozen Ramparts       Ice            32%          11%         3

Your spell library contained the following spells:

 Spells                   Type           Power        Failure   Level
 Ozocubu's Armour         Ice            16%          11%         3
 Hailstorm                Conj/Ice       9%           65%         4
 Summon Ice Beast         Ice/Summ       9%           65%         4


Dungeon Overview and Level Annotations

Branches:
Dungeon (2/15)

Altars:
Nemelex Xobeh
Uskayaw


Innate Abilities, Weirdness & Mutations

Your plain brown scales are hard. (AC +5)
You cannot fit into any form of body armour.
You are cold-blooded and may be slowed by cold attacks.


Message History

You hit the phantom.
The phantom is heavily damaged.
You block the phantom's attack.
You hit the phantom but do no damage.
The phantom is heavily damaged.
You block the phantom's attack.
You barely miss the phantom.
The phantom is heavily damaged.
The phantom closely misses you.
The phantom blinks!
The phantom blinks!
The phantom blinks!
Casting: Freeze (safe; 3% risk of failure)
Confirm with . or Enter, or press ? or * to list all spells.
Aiming: Freeze (safe; 3% risk of failure)
Press: ? - help, Shift-Dir - straight line, f/p - phantom
Aim: a phantom (heavily damaged)
The phantom completely resists.
You freeze the phantom but do no damage.
The phantom hits you.
You die...

#.....# #.#####
#.# #.# #.# #.#
####### #.#
#.....# #W#
#.....# #@#
#..<..# #.#
#.....# #.#
#.....#####.#
#...........#
#....W#######
###.....#######
#.............#
#.............#


You could see a phantom.

Vanquished Creatures
  Terence (D:2)
  4 adders (D:2)
  A dart slug (D:2)
  5 bats
  A giant cockroach (D:2)
  A goblin (D:2)
  A hobgoblin (D:1)
  A quokka (D:2)
  A frilled lizard (D:2)
  6 kobolds
  6 rats
28 creatures vanquished.

Notes
Turn   | Place    | Note
-------+----------+-------------------------------------------
     0 | D:1      | jestyr24 the Draconian Ice Elementalist began the quest for
                  | the Orb.
     0 | D:1      | Reached XP level 1. HP: 14/14 MP: 3/3
   641 | D:1      | Reached XP level 2. HP: 16/20 MP: 0/5
   856 | D:2      | Found a hide-covered altar of Uskayaw.
  1049 | D:2      | Found a sparkling altar of Nemelex Xobeh.
  1112 | D:2      | Reached XP level 3. HP: 22/27 MP: 2/6
  1119 | D:2      | Reached skill level 1 in Shields
  1275 | D:2      | Noticed a +0 dagger
  1276 | D:2      | Noticed a +0 hand axe
  1288 | D:2      | Noticed Terence
  1312 | D:2      | Killed Terence
  1313 | D:2      | Reached XP level 4. HP: 24/34 MP: 1/7
  1518 | D:2      | Noticed a phantom
  1743 | D:2      | Learned a level 3 spell: Frozen Ramparts
  2006 | D:2      | Slain by a phantom

Illustrated notes

Levels and vault maps discovered:
D:1:      shiori_arrival_elements, layout_basic, chequers_serial_rivers_micro_e
D:2:      layout_basic, dancing_weapons_uskayaw, nemelex_diamond_rough_becter,
          uniq_terence

Skill      XL: |  1  2  3 |
---------------+----------+-----
Shields        | 2 |  2.7
Fighting       | |  0.6
Dodging        | |  1.8
Stealth        | |  1.9
Spellcasting   | |  2.1
Ice Magic      | |  4.6

Action                   |  1- 3 |  4- 6 || total
-------------------------+-------+-------++-------
Melee: Club              |    14 |       ||    14
       Unarmed           |     2 |       ||     2
       Falchion          |    13 |    33 ||    46
       Tailslap          |     1 |     4 ||     5
Throw: Stone             |     1 |     1 ||     2
 Cast: Freeze            |    27 |    17 ||    44
       Frozen Ramparts   |       |     1 ||     1
 Stab: Sleeping          |     3 |       ||     3
Armor: Skin              |    17 |     9 ||    26
Dodge: Dodged            |    28 |    23 ||    51
Block: Buckler           |     1 |     6 ||     7
       Rpst.: Falchion   |     3 |     8 ||    11

Table legend: (Time is in decaauts)
 A = Elapsed time spent in this place.
 B = Non-inter-level travel time spent in this place.
 C = Inter-level travel time spent in this place.
 D = Time resting spent in this place.
 E = Time spent auto-exploring this place.
 F = Levels seen in this place.
 G = Mean time per level.
                   A        B        C        D        E       F      G
               +--------+--------+--------+--------+--------+-----+--------+
         Total |   2024 |   2008 |     16 |    601 |    836 |   2 | 1012.0 |
       Dungeon |   2024 |   2008 |     16 |    601 |    836 |   2 | 1012.0 |
               +--------+--------+--------+--------+--------+-----+--------+

Top non-repeatable levels by time:
     D:2: 1153 daAuts
     D:1: 870 daAuts
